 Dungeon Crawl Stone Soup version 0.28-a0-1038-g9c4cb8273d (webtiles) character file.

Game seed: 3190399338229907563

1130 jlumianski the Chopper (level 8, -3/49 HPs)
             Began as a Gargoyle Monk on Dec 8, 2021.
             Was a Priest of Wu Jian.
             Slain by a water moccasin (4 damage)
             ... on level 6 of the Dungeon.
             The game lasted 00:29:18 (6586 turns).

jlumianski the Chopper (Gargoyle Monk)              Turns: 6586, Time: 00:29:18

Health: -3/49      AC: 14    Str: 16    XL:     8   Next: 36%
Magic:  8/8        EV:  8    Int: 12    God:    Wu Jian [***...]
Gold:   91         SH:  0    Dex: 18    Spells: 7/7 levels left

rFire   . . .      SeeInvis .   r - +2 battleaxe (vorpal)
rCold   . . .      Faith    .   (shield currently unavailable)
rNeg    + + .      Spirit   .   g - +0 chain mail
rPois   ∞          Reflect  .   (no helmet)
rElec   +          Harm     .   (no cloak)
rCorr   .          Rampage  .   (no gloves)
Will    .....                   (no boots)
Stlth   ..........              (no amulet)
HPRegen 0.16/turn               m - ring of positive energy
MPRegen 0.11/turn               k - +6 ring of dexterity

@: no status effects
A: sickness immunity, AC +5, negative energy resistance 1, electricity
resistance, torment resistance 1, petrification resistance
a: Renounce Religion, Wall Jump, Serpent's Lash


You were on level 6 of the Dungeon.
You worshipped Wu Jian.
Wu Jian was most pleased with you.
You visited 2 branches of the dungeon, and saw 7 of its levels.
You also visited: Ossuary.

You collected 219 gold pieces.
You spent 128 gold pieces at shops.

Inventory:

Hand Weapons
 a - a +0 hand axe
 r - a +2 vorpal battleaxe (weapon)
Missiles
 e - 176 stones
 p - 41 bolts
 s - 2 javelins (quivered)
 t - a throwing net
Armour
 b - a +0 robe
 g - a +0 chain mail (worn)
Jewellery
 f - a ring of fire
 j - a ring of magical power
 k - a +6 ring of dexterity (right hand)
 m - a ring of positive energy (left hand)
Scrolls
 c - 6 scrolls of identify
 d - 4 scrolls of teleportation
 o - a scroll of holy word
Potions
 h - 2 potions of heal wounds
 i - a potion of magic
 l - 2 potions of haste
 n - 2 potions of lignification
 q - a potion of invisibility {unknown}
 u - 3 potions of flight {unknown}
 v - 2 potions of curing {unknown}


   Skills:
 + Level 5.2 Fighting
 + Level 7.1 Axes
 + Level 1.6 Throwing
 + Level 3.7 Armour
 + Level 3.1 Dodging
 + Level 3.0 Stealth


You had 7 spell levels left.
You didn't know any spells.
Your spell library contained the following spells:

 Spells                   Type           Power      Damage    Failure   Level
 Apportation              Tloc           0%         N/A       99%         1
 Alistair's Intoxication  Tmut/Pois      0%         N/A       100%        5


Dungeon Overview and Level Annotations

Branches:
Dungeon (6/15)             Temple (1/1) D:5         Ossuary (visited)

Altars:
Ashenzari
Cheibriados
Dithmenos
Elyvilon
Fedhas
Gozag
Hepliaklqana
Nemelex Xobeh
Okawaru
Qazlal
Trog
Uskayaw
Vehumet
Wu Jian
Xom
Zin
The Shining One

Shops:
D:3 (:(


Innate Abilities, Weirdness & Mutations

You are immune to sickness and miasma.
Your stone body is resilient. (AC +5)
You are immune to poison.
You resist negative energy. (rN+)
You are resistant to electric shocks. (rElec)
You are resistant to unholy torment.
You are immune to petrification.


Message History

You kill the gnoll shaman!
The Council accepts your kill.
You hit the howler monkey but do no damage.
The gnoll hits you from afar with a +0 spear.
* * * LOW HITPOINT WARNING * * *
The gnoll hits you but does no damage.
The howler monkey hits you but does no damage.
Your Axes skill increases to level 7!
A water moccasin comes into view.
The gnoll barely misses you.
Found a stone staircase leading down.
The howler monkey hoots and howls with incredible vigour!
Aiming: Wall Jump
Press: ? - help, Dir - move target You repeatedly attack the gnoll from above.
You slash the gnoll!
The gnoll is severely wounded.
You hit the gnoll but do no damage.
The gnoll is severely wounded.
You repeatedly attack the howler monkey from above.
You hit the howler monkey.
The howler monkey is almost dead.
You hit the howler monkey.
You kill the howler monkey!
The Council accepts your kill.
You hear the brisk rusting of a distant drain.
The gnoll hits you but does no damage. x2; The gnoll hits you with a +0 spear.
* * * LOW HITPOINT WARNING * * *
Aiming: Wall Jump
Press: ? - help, Dir - move target A necrophage comes into view.
You attack the water moccasin from above.
You slash the water moccasin!
The water moccasin is severely wounded.
The water moccasin bites you but does no damage.
The gnoll hits you from afar with a +0 spear.
* * * LOW HITPOINT WARNING * * *
A water moccasin zombie comes into view.
The water moccasin closely misses you. The water moccasin bites you.
You die...

#........#..!#
...##.##$#..##...#
....Z.......# #####
..........####......
....................
.../......).##......
.........)..........
...s..)##.○○°....#
...[..†.).s@°#....
....n.###.○SS####.
...... ##.)g.†.#
.#.# ######.# ..
#..# . ..>.. ......
......... .........


You could see 2 water moccasins, a necrophage, a scorpion, a gnoll (fast) and a
water moccasin zombie (wandering).

Vanquished Creatures
  A water moccasin (D:4)
  A black bear (D:5)
  A centaur (D:6)
  A phantom (D:5)
  3 water moccasin zombies (Ossuary)
  A howler monkey (D:6)
  An orc priest (D:4)
  A bullfrog skeleton (D:5)
  A gnoll shaman (D:6)
  Jessica (D:2)
  3 orc wizards
  2 mummies (Ossuary)
  8 adders
  10 gnolls
  5 ufetubi
  10 adder zombies (Ossuary)
  A worm (D:2)
  12 orcs
  8 endoplasms
  3 giant cockroaches
  4 gnoll zombies (Ossuary)
  10 hobgoblins
  4 jackals (D:1)
  11 kobolds
  2 quokkas
  8 ball pythons
  8 bats
  4 frilled lizards (D:3)
  6 goblins
  7 hobgoblin zombies (Ossuary)
  4 kobold zombies (Ossuary)
  6 orc zombies (Ossuary)
  4 rats
152 creatures vanquished.

Vanquished Creatures (others)
  11 fungi (D:6)
  12 plants (D:3)
23 creatures vanquished.

Grand Total: 175 creatures vanquished

Notes
Turn   | Place    | Note
-------+----------+-------------------------------------------
     0 | D:1      | jlumianski the Gargoyle Monk began the quest for the Orb.
     0 | D:1      | Reached XP level 1. HP: 14/14 MP: 1/1
   354 | D:1      | Reached XP level 2. HP: 19/19 MP: 2/2
   381 | D:1      | Reached skill level 3 in Axes
  1100 | D:1      | Reached XP level 3. HP: 15/23 MP: 3/3
  2038 | D:2      | Noticed Jessica
  2060 | D:2      | Killed Jessica
  2061 | D:2      | Reached XP level 4. HP: 9/29 MP: 4/4
  2797 | D:3      | Found Ucai's Book Emporium.
  2934 | D:3      | Reached skill level 1 in Armour
  2934 | D:3      | Found Olym's Weapon Shop.
  3058 | D:3      | Reached XP level 5. HP: 32/33 MP: 5/5
  3111 | D:3      | Found Benwuhui's Weapon Shoppe.
  3237 | D:3      | Reached skill level 4 in Axes
  3877 | D:3      | Bought a +0 vorpal battleaxe for 128 gold pieces
  4047 | D:4      | Reached skill level 1 in Throwing
  4115 | D:4      | Reached XP level 6. HP: 10/38 MP: 6/6
  4974 | D:5      | Entered Level 5 of the Dungeon
  4974 | D:5      | Noticed a water moccasin
  4981 | D:4      | Killed a water moccasin
  5003 | D:5      | Reached skill level 5 in Axes
  5081 | D:5      | Found a staircase to the Ecumenical Temple.
  5090 | Temple   | Entered the Ecumenical Temple
  5216 | Temple   | Became a worshipper of the Wu Jian Council
  5216 | Temple   | Reached * piety under Wu Jian
  5216 | Temple   | Reached ** piety under Wu Jian
  5432 | D:5      | Reached XP level 7. HP: 38/44 MP: 7/7
  6305 | D:6      | Found a sand-covered staircase.
  6311 | Ossuary  | Entered an ossuary
  6392 | Ossuary  | Reached skill level 6 in Axes
  6419 | Ossuary  | Reached *** piety under Wu Jian
  6420 | Ossuary  | Reached skill level 5 in Fighting
  6471 | Ossuary  | Reached XP level 8. HP: 43/49 MP: 8/8
  6582 | D:6      | Reached skill level 7 in Axes
  6586 | D:6      | HP: 1/49 [gnoll (5)]
  6586 | D:6      | Slain by a water moccasin

Illustrated notes

Levels and vault maps discovered:
D:1:      lightli_arrival_isolated_outpost, layout_basic, grunt_decor_one_mirror
D:2:      layout_loops_ring, guppyfry_early_lair_pool, uniq_jessica
D:3:      minmay_angry_zag, layout_rooms, serial_shops, nicolae_shop_crystal,
          nicolae_shop_hallway_plus, shop, grunt_ministairs_15,
          lexackson_kobold_supper
D:4:      layout_cave_pools, st_stairs_4
D:5:      layout_cave_pods, minmay_temple_entry_nine_rooms
D:6:      layout_rooms, portal_sewer_entry_f, nicolae_ossuary_entry_ruins,
          serial_aquarium, aquarium_bridge_square [aquarium_subvault_window,
          aquarium_subvault_bridge, aquarium_subvault_bridge,
          aquarium_subvault_wall], aquarium_window_2,
          aquarium_window_corridor_1, aquarium_window_fake,
          aquarium_window_fake, aquarium_view_2d, aquarium_balcony_5a,
          aquarium_pool_four
Temple:   mainiacjoe_temple_hex_bubbles

Skill      XL: |  1  2  3  4  5  6  7  8 |
---------------+-------------------------+-----
Axes           | 3 4 5 6 7 |  7.1
Armour         | 1 2 3 |  3.7
Stealth        | 3 |  3.0
Throwing       | 1 |  1.6
Fighting       | 4 5 |  5.2
Dodging        | 3 |  3.1

Action                   |  1- 3 |  4- 6 |  7- 9 || total
-------------------------+-------+-------+-------++-------
Melee: Hand axe          |   106 |   142 |       ||   248
       Battleaxe         |       |    75 |   172 ||   247
Throw: Stone             |       |    12 |       ||    12
       Javelin           |       |     7 |     1 ||     8
Invok: Whirlwind         |       |     1 |    13 ||    14
       Lunge             |       |       |     5 ||     5
 Abil: Wall Jump         |       |     2 |    26 ||    28
  Use: Scroll            |     4 |     7 |       ||    11
       Potion            |       |     1 |       ||     1
 Stab: Sleeping          |     5 |       |       ||     5
       Distracted        |     1 |       |       ||     1
Armor: Robe              |    19 |       |       ||    19
       Chain mail        |    25 |   148 |   155 ||   328
Dodge: Dodged            |    75 |    77 |   121 ||   273

Table legend: (Time is in decaauts)
 A = Elapsed time spent in this place.
 B = Non-inter-level travel time spent in this place.
 C = Inter-level travel time spent in this place.
 D = Time resting spent in this place.
 E = Time spent auto-exploring this place.
 F = Levels seen in this place.
 G = Mean time per level.
                   A        B        C        D        E       F      G
               +--------+--------+--------+--------+--------+-----+--------+
         Total |   6747 |   6601 |    146 |   1029 |   3290 |   8 |  843.4 |
       Dungeon |   6281 |   6135 |    146 |   1029 |   3189 |   6 | 1046.8 |
        Temple |    194 |    194 |      0 |      0 |    101 |   1 |  194.0 |
       Ossuary |    271 |    271 |      0 |      0 |      0 |   1 |  271.0 |
               +--------+--------+--------+--------+--------+-----+--------+

Top non-repeatable levels by time:
     D:1: 1532 daAuts
     D:2: 1480 daAuts
     D:3: 1237 daAuts
     D:5: 1138 daAuts
     D:4: 835 daAuts
 Ossuary: 271 daAuts
  Temple: 194 daAuts
     D:6: 57 daAuts
